[Event "Live Chess"]
[Site "Chess.com"]
[Date "2023.05.20"]
[Round "-"]
[White "DerbyKnight"]
[Black "chekagain"]
[Result "0-1"]
[WhiteElo "1572"]
[BlackElo "814"]
[TimeControl "300"]
[EndTime "12:49:30 PDT"]
[Termination "chekagain won on time"]

1. d4 e5 2. dxe5 Nc6 3. Nf3 Qe7 4. Bf4 Qb4+ 5. Bd2 Qxb2 6. Bc3 Bb4 7. Bxb4 Nxb4 8. Na3 Ne7 9. e4 Qc3+ 10. Qd2 Qxa1+ 11.
Ke2 Nxa2 12. Nb5 Kd8 13. g3 Nc1+ 14. Ke3 Qa4 15. Nc3 Qa3 16. Bc4 b6 17. Rxc1 Qc5+ 18. Kd3 a5 19. Nb5 Ba6 20. Rb1 c6 21. e6 d5 22.
exd5 Bxb5 23. Bxb5 cxb5 24. Ke2 Qc4+ 25. Ke1 a4 26. Ng5 Ke8 27. exf7+ Kf8 28. d6 Qd5 0-1

[Event "Live Chess"]
[Site "Chess.com"]
[Date "2023.05.20"]
[Round "-"]
[White "Enhard"]
[Black "gmnorfolk"]
[Result "0-1"]
[WhiteElo "1452"]
[BlackElo "2040"]
[TimeControl "300"]
[EndTime "12:49:35 PDT"]
[Termination "gmnorfolk won by resignation"]

1. d4 Nf6 2. Bf4 d5 3. e3 e6 4. Nf3 Bd6 5. Bxd6 Qxd6 6. c3 Nbd7 7. h3 e5 8. dxe5 Nxe5 9. Nxe5 Qxe5 10. Nd2 O-O 11. Nf3 Qe7 12. Be2 c5 13. O-O b6 14.
Re1 Bb7 15. Qc1 Rad8 16. a4 a5 17. Bb5 Ne4 18. Nd2 Nd6 19. Be2 Rfe8 20. Bf3 Nf5 21. Nb3 Nh4 22. Nd2 Nxf3+ 23. Nxf3 Qf6 24. Qd1 Rd6 25.
Rb1 h6 26. b3 Bc8 27. Qe2 Bf5 28. Rbc1 g5 29. Nh2 Bg6 30. Ng4 Qg7 31. Qb5 Rde6 32. c4 d4 33. exd4 Rxe1+ 34. Rxe1 Rxe1+ 35. Kh2 cxd4 36. Qxb6 Re6 37. Qxa5 h5 38. Qd8+ Qf8 39. Nh6+ Kg7 40. Qxd4+ Kxh6 41. c5 Qb8+ 42. g3 Qxb3 43. Qh8+ Bh7 44. Qf8+ Kg6 45. Qa8 Rf6 46. Qe4+ Kg7 47.
Qe2 Qf3 0-1

[Event "Live Chess"]
[Site "Chess.com"]
[Date "2023.05.20"]
[Round "-"]
[White "MartinWalker4"]
[Black "bristolunichess"]
[Result "0-1"]
[WhiteElo "2030"]
[BlackElo "1785"]
[TimeControl "300"]
[EndTime "12:49:37 PDT"]
[Termination "bristolunichess won on time"]

1. e4 c6 2. d4 d5 3. exd5 cxd5 4. c4 Nf6 5. Nc3 g6 6. Qb3 e6 7. Nf3 Bg7 8. cxd5 exd5 9. Bb5+ Nc6 10. Bg5 O-O 11. O-O Be6 12. Bxc6 bxc6 13. Qa4 Qb6 14. Ne5 Rfc8 15. b3 c5 16. dxc5 Qxc5 17. Ne2 Ne4 18.
Be3 Qd6 19. f4 Rc7 20. Bd4 Rac8 21. Rac1 Nc5 22. Qa3 Ne4 23. Qxd6 Nxd6 24. Nd3 Nf5 25. Rxc7 Rxc7 26. Bxg7 Kxg7 27. Rc1 Rxc1+ 28. Ndxc1 d4 29. Nd3 Kf6 30. Kf2 h5 31. g3 Nd6 32. Nxd4 Ne4+ 33. Ke3 Bd5 34. Nb4 Ba8 35. Nbc6 Nc3 36. Nxa7 Nxa2 37.
Nab5 Nb4 38. Nc3 Nd5+ 39. Nxd5+ Bxd5 40. b4 Bb7 41. Nb3 Ke7 42. Kd4 Kd6 43. Nc5 Bc6 44.
Ne4+ Bxe4 45. Kxe4 Kc6 46. Ke5 Kb5 47. Kf6 Kxb4 48.
Kxf7 Kc5 49. Kxg6 h4 50. f5 Kd6 51. f6 hxg3 0-1

[Event "Live Chess"]
[Site "Chess.com"]
[Date "2023.05.20"]
[Round "-"]
[White "AttackingSnowLeopard"]
[Black "sup3rm0nk3y"]
[Result "1-0"]
[WhiteElo "2037"]
[BlackElo "1320"]
[TimeControl "300"]
[EndTime "12:49:38 PDT"]
[Termination "AttackingSnowLeopard won by resignation"]

1. d4 d5 2. c4 dxc4 3. Nf3 c3 4. Nxc3 Bg4 5. Ne5 Nf6 6. Nxg4 Nxg4 7. e4 Nf6 8. Be3 e6 9. Be2 Bb4 10. f3 Nc6 11. O-O O-O 12. Bb5 Ne7 13. a3 Ba5 14. b4 Bb6 15. Na4 c6 16. Nxb6 axb6 17. Be2 b5 18.
Qd2 Ra6 19. g4 Qa8 20. g5 Nd7 21. Qc3 Nb6 22. h4 Nc4 23. Bxc4 bxc4 24. Qxc4 Rxa3 25. Rxa3 Qxa3 26. Bf4 Ng6 27. Bg3 Kh8 28. Qc5 Rc8 29. h5 Nf8 30. Qe7 f5 31. Be5 Qe3+ 32. Kg2 Qxg5+ 33. Qxg5 1-0

[Event "Live Chess"]
[Site "Chess.com"]
[Date "2023.05.20"]
[Round "-"]
[White "defenderalist"]
[Black "Richardallis"]
[Result "0-1"]
[WhiteElo "1588"]
[BlackElo "1776"]
[TimeControl "300"]
[EndTime "12:49:44 PDT"]
[Termination "Richardallis won by resignation"]

1. e4 d5 2. exd5 Nf6 3. Nc3 Nxd5 4. Nxd5 Qxd5 5. Nf3 Bf5 6. Be2 c6 7. O-O Nd7 8. h3 e6 9. d4 Bd6 10. c3 Rd8 11.
Be3 Bb8 12. b3 Qd6 13. g3 Bxh3 14. Re1 Nf6 15. Ng5 Bf5 16. Bf4 Qe7 17. Bxb8 Rxb8 18. Bd3 Bxd3 19. Qxd3 h6 20. Nh3 Rd8 21. Qf3 O-O 22.
Nf4 Nd5 23. Nh5 Qg5 24. Re5 Qg6 25. Rc1 Rd7 26. c4 Nb4 27. a3 Nd3 28. Qe3 Nxc1 29.
Qxc1 Rxd4 30. Qe1 f6 31. Nxg7 Kxg7 32. Rxe6 Rd7 0-1

[Event "Live Chess"]
[Site "Chess.com"]
[Date "2023.05.20"]
[Round "-"]
[White "Chesscoach_Golichenko"]
[Black "flyingpuffins"]
[Result "1-0"]
[WhiteElo "2634"]
[BlackElo "1958"]
[TimeControl "300"]
[EndTime "12:49:47 PDT"]
[Termination "Chesscoach_Golichenko won by resignation"]

1. d4 d5 2. Nc3 Nf6 3. Bf4 a6 4. f3 c5 5. e4 cxd4 6. Bxb8 Rxb8 7. Qxd4 e6 8. exd5 Nxd5 9. O-O-O Bd7 10. Nxd5 exd5 11. Re1+ Be7 12. Qxg7 Rf8 13. Bd3 Be6 14. Nh3 Qa5 15. Nf4 Kd7 16. Kb1 Rg8 17. Qe5 Rg5 18.
Qe2 Qb6 19. h4 Rg3 20. Bf5 Bf6 21. Bxe6+ fxe6 22. Qxe6+ Qxe6 23. Rxe6 Rf8 24. Rxf6 Rxf6 25. Nh5 Rfg6 26. Nxg3 Rxg3 27. Rh2 Ke6 28. Kc1 Kf5 29.
Kd2 Kf4 30. Ke2 b5 31. Kf2 Rg8 32. Rh1 Rc8 33. c3 h5 34. Rd1 Rc5 35. g4 hxg4 36.
Rd4+ Kf5 37. fxg4+ Ke5 38. h5 Rc8 39. Kg3 a5 40. Rf4 Rg8 41. h6 b4 42. cxb4 axb4 43. Rxb4 Rh8 44. g5 Kf5 45. Kh4 d4 46. Rxd4 Kg6 47.
Rd6+ Kh7 48. Rd7+ Kg8 49. Rg7+ Kf8 50. Kh5 1-0

[Event "Live Chess"]
[Site "Chess.com"]
[Date "2023.05.20"]
[Round "-"]
[White "whitedjohn"]
[Black "jennybobby44"]
[Result "0-1"]
[WhiteElo "1660"]
[BlackElo "1868"]
[TimeControl "300"]
[EndTime "12:49:48 PDT"]
[Termination "jennybobby44 won on time"]

1. e4 d6 2. d4 g6 3. Nc3 Bg7 4. Bc4 c6 5. Be3 b5 6. Bb3 b4 7. Nce2 a5 8. a3 Bb7 9. axb4 axb4 10. Rxa8 Bxa8 11. Qa1 Bb7 12. Qa7 Qc7 13. Nf3 Nf6 14. e5 Nd5 15. exd6 exd6 16. Bxd5 cxd5 17. O-O O-O 18. c3 Nc6 19. Qa2 Ra8 20. Qxd5 Nxd4 21. Qxd4 Bxd4 22. Bxd4 Bxf3 23. gxf3 bxc3 24. Bxc3 Re8 25.
Nf4 Qc6 26. Kg2 h5 27. Rd1 Rd8 28. Nd5 Qa4 29. Rd4 Qa6 30. Re4 Kh7 31. Re7 Rf8 32. Nf6+ Kh6 33. Nd7 Rc8 34. Rxf7 Rxc3 35. bxc3 Qc4 36.
Rf6 Qxc3 37. Rxd6 Qc8 38. Rd3 Qc4 39. Ne5 Qe6 40. f4 Qf5 41. Kg3 h4+ 42. Kf3 g5 43. Rd6+ Kh5 44. Nd3 g4+ 45. Kg2 Qf8 46. Rd5+ Kh6 47.
Ne5 Qa8 48. Nxg4+ Kg6 0-1

[Event "Live Chess"]
[Site "Chess.com"]
[Date "2023.05.20"]
[Round "-"]
[White "ProfPoisson"]
[Black "OSmith06"]
[Result "0-1"]
[WhiteElo "1059"]
[BlackElo "1660"]
[TimeControl "300"]
[EndTime "12:49:48 PDT"]
[Termination "OSmith06 won by resignation"]

1. e4 c6 2. d4 d5 3. exd5 cxd5 4. c4 dxc4 5. Bxc4 Nf6 6. Nf3 Bg4 7.
Qb3 e6 8. Qxb7 Nbd7 9. Nc3 Bb4 10. O-O Bxc3 11. bxc3 O-O 12. Ne5 Nxe5 13. dxe5 Nd7 14. f3 Nxe5 15. fxg4 Nxc4 16. Rd1 Qxd1+ 0-1

[Event "Live Chess"]
[Site "Chess.com"]
[Date "2023.05.20"]
[Round "-"]
[White "Ocelot32"]
[Black "OleksiyJr1"]
[Result "0-1"]
[WhiteElo "1348"]
[BlackElo "957"]
[TimeControl "300"]
[EndTime "12:49:50 PDT"]
[Termination "OleksiyJr1 won by checkmate"]

1. e4 c5 2. Nf3 Nc6 3. c3 d6 4. d4 cxd4 5. cxd4 e5 6. d5 Nce7 7. Nc3 Nf6 8. Bd3 Bg4 9. Be2 g6 10.
O-O Bg7 11. h3 Bxf3 12. Bxf3 O-O 13. Be3 Nd7 14. b4 b6 15. a3 a5 16. Qd2 axb4 17. axb4 Rxa1 18. Rxa1 Nc8 19. Bg4 h5 20. Bxd7 Qxd7 21.
Bh6 f5 22. Bxg7 Kxg7 23. Qe3 f4 24. Qf3 Na7 25. h4 Nb5 26. Nxb5 Qxb5 27. Ra7+ Rf7 28. Qa3 Qc4 29. Rxf7+ Kxf7 30. Qa7+ Ke8 31. Qxb6 Qxe4 32. Qc6+ Ke7 33. b5 Qe1+ 34. Kh2 Qxf2 35. b6 e4 36. b7 Qg3+ 37. Kg1 Qf2+ 38. Kh1 Qxh4+ 39. Kg1 Qe1+ 40. Kh2 Qg3+ 41. Kg1 f3 42. Qc7+ Kf6 43. Qd8+ Ke5 44. Qe8+ Kf4 45. Qf7+ Ke3 46. b8=Q Qxg2# 0-1

[Event "Live Chess"]
[Site "Chess.com"]
[Date "2023.05.20"]
[Round "-"]
[White "therealab0ne"]
[Black "NatashaRegan"]
[Result "0-1"]
[WhiteElo "701"]
[BlackElo "1813"]
[TimeControl "300"]
[EndTime "12:49:51 PDT"]
[Termination "NatashaRegan won on time"]

1. e4 Nf6 2. Nc3 e5 3. Bc4 Be7 4. d3 c6 5. Nf3 d6 6. Bg5 O-O 7. O-O d5 8. exd5 cxd5 9. Bxf6 Bxf6 10. Nxd5 Nc6 11. Re1 Bg4 12. h3 Bh5 13. Nc3 Qd7 14. Ne2 Bxf3 15. gxf3 Qxh3 16. Ng3 Nd4 17. Re4 Bh4 18.
Rxd4 exd4 19. Qf1 Qxf1+ 20. Nxf1 Rfe8 0-1

[Event "Live Chess"]
[Site "Chess.com"]
[Date "2023.05.20"]
[Round "-"]
[White "ViktorTheCoolBoy"]
[Black "Horseymobile"]
[Result "0-1"]
[WhiteElo "2508"]
[BlackElo "1202"]
[TimeControl "300"]
[EndTime "12:49:59 PDT"]
[Termination "Horseymobile won by checkmate"]

1. Nf3 d5 2. e3 g6 3. c4 Bg7 4. cxd5 Nf6 5. Be2 O-O 6. O-O Nxd5 7. Nc3 e6 8. d4 Nc6 9. a3 a6 10. Qc2 Re8 11. Ne4 e5 12. dxe5 Nxe5 13. Rd1 Bf5 14. Nd4 Bxe4 15. Qxe4 Nf6 16. Qc2 Qe7 17. b4 Rad8 18.
Bb2 Neg4 19. h3 Nxf2 20. Kxf2 Qxe3+ 21. Kf1 Ne4 22. Bf3 Ng3# 0-1

[Event "Live Chess"]
[Site "Chess.com"]
[Date "2023.05.20"]
[Round "-"]
[White "seabuck"]
[Black "Bob2pen"]
[Result "1/2-1/2"]
[WhiteElo "1856"]
[BlackElo "1800"]
[TimeControl "300"]
[EndTime "12:50:01 PDT"]
[Termination "Game drawn by repetition"]

1. d4 Nf6 2. c4 c5 3. e3 g6 4.
Nc3 Bg7 5. Nf3 O-O 6. Be2 d5 7. O-O dxc4 8. Bxc4 cxd4 9. Nxd4 Nbd7 10. Qe2 a6 11.
Rd1 Qc7 12. Bb3 Nc5 13. Bd2 Nxb3 14. Nxb3 Be6 15. Nd4 Bc4 16. Qf3 Rfd8 17. Rac1 Qb6 18. b3 Bd5 19. Nxd5 Nxd5 20. Be1 e6 21. h3 Rac8 22. Qe4 Nf6 23. Qf3 Nd5 24. Qe4 Nf6 25. Qf3 Nd5 1/2-1/2

[Event "Live Chess"]
[Site "Chess.com"]
[Date "2023.05.20"]
[Round "-"]
[White "DenDenTie"]
[Black "wadsy27"]
[Result "0-1"]
[WhiteElo "689"]
[BlackElo "2558"]
[TimeControl "300"]
[EndTime "12:50:07 PDT"]
[Termination "wadsy27 won by checkmate"]

1. e4 e6 2. Nf3 d5 3. exd5 exd5 4. d4 Nc6 5. Nc3 Nf6 6. Bb5 Bd6 7. Bf4 Bxf4 8. Qd3 O-O 9. O-O a6 10. Bxc6 bxc6 11.
Rfe1 Bd6 12. Ne5 Bxe5 13. dxe5 Ne4 14. Nxe4 dxe4 15. Qxd8 Rxd8 16. Rxe4 Rd2 17. Rc1 Be6 18.
Kf1 Rad8 19. Ree1 g5 20. h3 Kg7 21. g4 Kg6 22. Kg2 h5 23. gxh5+ Kxh5 24. Kg3 Kg6 25. h4 gxh4+ 26. Kxh4 Rxf2 27. Rg1+ Kf5 28. Rg5+ Kf4 29. c4 Rh2# 0-1

[Event "Live Chess"]
[Site "Chess.com"]
[Date "2023.05.20"]
[Round "-"]
[White "JanMur7"]
[Black "ramses-IIG"]
[Result "1-0"]
[WhiteElo "1948"]
[BlackElo "825"]
[TimeControl "300"]
[EndTime "12:50:11 PDT"]
[Termination "JanMur7 won by checkmate"]

1. e4 d5 2. exd5 Qxd5 3. Nc3 Qe6+ 4. Be2 Qg6 5. Nf3 Qxg2 6. Rg1 Qh3 7. d4 c6 8. d5 e6 9. dxc6 Nxc6 10. Bg5 f6 11.
Be3 Qf5 12. Nb5 Rb8 13. Nc7+ Kf7 14. c3 e5 15. Bc4+ Ke7 16. Bc5# 1-0

[Event "Live Chess"]
[Site "Chess.com"]
[Date "2023.05.20"]
[Round "-"]
[White "friarnator"]
[Black "BillythekidFellowes"]
[Result "0-1"]
[WhiteElo "1997"]
[BlackElo "2030"]
[TimeControl "300"]
[EndTime "12:50:17 PDT"]
[Termination "BillythekidFellowes won by checkmate"]

1. d4 e6 2. Nc3 Nf6 3. Bf4 Nc6 4. Nf3 Bb4 5. e3 O-O 6. Bd3 Nd5 7. Qd2 Nxf4 8. exf4 Qf6 9. O-O Kh8 10. Ne4 Bxd2 11. Nxf6 Bxf4 12. Nxh7 Re8 13. g3 Bh6 14. Nhg5 Bxg5 15.
Nxg5 f6 16. Bg6 Re7 17. Nf3 b6 18. c3 Bb7 19. Rfe1 d6 20. Nh4 Kg8 21. Be4 Na5 22.
d5 Nc4 23. dxe6 Bxe4 24. Rxe4 d5 25. Re2 Rae8 26. Rae1 Ne5 27. f4 Nd3 28. Rd1 Nc5 29.
f5 Rd8 30. Ng6 Ree8 31. Red2 c6 32. c4 Ne4 33. Rd4 Nd6 34. g4 Nxc4 35. e7 Rc8 36. R4d3 Nxb2 37. R1d2 Nxd3 38. Rxd3 Kf7 39. h4 Rc7 40.
Re3 d4 41. Re4 c5 42. Kf2 a5 43. g5 b5 44. Ke2 Rcxe7 45. Nxe7 Rxe7 46. Kd3 Rxe4 47. Kxe4 b4 48. Kd3 a4 49. Kc2 Ke7 50. g6 Kd6 51. h5 Ke7 52. Kd3 Kf8 53. Kc2 c4 54. Kd2 b3 55. axb3 axb3 56. Kd1 c3 57.
Kc1 b2+ 58. Kc2 d3+ 59. Kb1 d2 60. h6 d1=Q+ 61. Ka2 b1=Q+ 62. Ka3 Qdb3# 0-1

[Event "Live Chess"]
[Site "Chess.com"]
[Date "2023.05.20"]
[Round "-"]
[White "Bot_Boy"]
[Black "xx_blindpuffin_xx"]
[Result "0-1"]
[WhiteElo "330"]
[BlackElo "2215"]
[TimeControl "300"]
[EndTime "12:50:20 PDT"]
[Termination "xx_blindpuffin_xx won on time"]

1. c4 e6 2. Nc3 d5 3. e3 c6 4.
d3 Bd6 5. Nce2 f5 6. g3 Nf6 7.
Bg2 O-O 8. h4 Nbd7 9. f3 b6 10. Qc2 Bb7 11. Nd4 Re8 12. f4 a6 13.
Nde2 c5 14. Nh3 Qc7 15. Bf3 dxc4 16. dxc4 Bxf3 17. Rg1 Rad8 18. Ng5 Bc6 19. Bd2 h6 20. Nf3 Bxf3 21. Kf2 Be4 22. Nc3 Bxc2 0-1

[Event "Live Chess"]
[Site "Chess.com"]
[Date "2023.05.20"]
[Round "-"]
[White "Long1968"]
[Black "YrrriKharkiv"]
[Result "0-1"]
[WhiteElo "773"]
[BlackElo "2038"]
[TimeControl "300"]
[EndTime "12:50:23 PDT"]
[Termination "YrrriKharkiv won on time"]

1. e4 e6 2. d4 d5 3. Nc3 Nf6 4. e5 Nfd7 5. f4 c5 6. Nce2 cxd4 7. Nxd4 Nc6 8. Ngf3 Bc5 9. c3 O-O 10. b4 Be7 11. Ba3 Nxd4 12. cxd4 a5 13. Qd2 Nb6 14. Rb1 Nc4 15. Bxc4 dxc4 16. Qc3 b5 17. bxa5 Bxa3 18. Qxa3 Rxa5 19. Qb2 Bb7 20. O-O Bxf3 21.
Rxf3 Qd5 22. a3 Rd8 23. Rd1 Ra7 24. Kf2 Rad7 0-1

[Event "Live Chess"]
[Site "Chess.com"]
[Date "2023.05.20"]
[Round "-"]
[White "LL220284LL"]
[Black "BostonStrangler"]
[Result "1/2-1/2"]
[WhiteElo "2400"]
[BlackElo "2083"]
[TimeControl "300"]
[EndTime "12:50:59 PDT"]
[Termination "Game drawn by repetition"]

1. Nf3 g6 2. d4 Bg7 3. e4 c5 4. dxc5 Qa5+ 5. Nbd2 Qxc5 6. Bd3 Nf6 7. O-O O-O 8. Re1 d6 9. Nb3 Qc7 10. h3 Nbd7 11.
c4 a5 12. Be3 a4 13. Nbd2 Nc5 14. Qe2 Bd7 15. Rac1 Bc6 16. Bxc5 dxc5 17. e5 Nd7 18. e6 fxe6 19. Qxe6+ Kh8 20. Be4 Bxb2 21. Rc2 Bf6 22. Bxc6 bxc6 23. Ne4 Ne5 24. Nxe5 Qxe5 25. Nxf6 Qxf6 26.
Qxe7 Qxe7 27. Rxe7 Rab8 28. Rd2 Rbd8 29. Rde2 Rd1+ 30. Kh2 Rd4 31. Rc7 Rxc4 32. f3 Rd8 33.
Ree7 Rc2 34. Rxh7+ Kg8 35. Rcg7+ Kf8 36. Rxg6 Rxa2 37.
Rxc6 Kg8 38. Rh4 Rd5 39. Rc4 Rdd2 40. Rg6+ Kf7 41. Rgg4 a3 42. Rxc5 Rab2 43. Ra5 a2 44. h4 Rd1 45. Rga4 Rdd2 46. Rg5 Rd1 47. Ra7+ Kf6 48.
Rga5 Rdd2 49. R7a6+ Kg7 50. Ra7+ Kf6 51. Rg5 Rd1 52.
Ra6+ Kf7 53. Rf5+ Kg7 54. Rfa5 Rdd2 55. Ra7+ Kf6 1/2-1/2

[Event "Live Chess"]
[Site "Chess.com"]
[Date "2023.05.20"]
[Round "-"]
[White "MrDodgy"]
[Black "ACx04"]
[Result "1-0"]
[WhiteElo "2286"]
[BlackElo "429"]
[TimeControl "300"]
[EndTime "12:51:08 PDT"]
[Termination "MrDodgy won by checkmate"]

1. e4 e5 2. f4 exf4 3. Nf3 Qf6 4. d4 d6 5. e5 dxe5 6. dxe5 Qe6 7. Nc3 Bb4 8. Bxf4 Bxc3+ 9. bxc3 f6 10. Nd4 Qb6 11. Bc4 Ne7 12. O-O Nec6 13. exf6 gxf6 14. Qh5+ Kd8 15.
Rad1 Nxd4 16. Rxd4+ Bd7 17. Kh1 Qb2 18. Qf7 Qxc2 19.
Qxf6+ Ke8 20. Re1+ Be6 21. Rxe6# 1-0

[Event "Live Chess"]
[Site "Chess.com"]
[Date "2023.05.20"]
[Round "-"]
[White "booktrunk"]
[Black "Ian-Morley"]
[Result "1-0"]
[WhiteElo "1302"]
[BlackElo "976"]
[TimeControl "300"]
[EndTime "12:51:15 PDT"]
[Termination "booktrunk won by checkmate"]

1. d4 e5 2. dxe5 Nc6 3. c3 Qe7 4. g3 Qxe5 5. Bf4 Qf6 6. Bxc7 Be7 7. Nf3 Nh6 8. Bf4 d6 9. Bg2 O-O 10. Nbd2 Ne5 11. Ne4 Nxf3+ 12. Bxf3 Qg6 13. Qd5 Nf5 14. O-O-O Rb8 15. g4 Be6 16. gxf5 Bxd5 17. fxg6 Bxe4 18. Bxe4 fxg6 19. Bxd6 Bxd6 20. Rxd6 Rxf2 21. Bf3 Kf7 22. Rd7+ Ke6 23. Rxg7 Kf6 24. Rxh7 Kf5 25. h4 Rd8 26.
Rxb7 g5 27. Rxa7 gxh4 28. Ra5+ Kf4 29. Ra4+ Kg3 30. Raxh4 Rg8 31. R1h3# 1-0

[Event "Live Chess"]
[Site "Chess.com"]
[Date "2023.05.20"]
[Round "-"]
[White "BillythekidFellowes"]
[Black "ramses-IIG"]
[Result "1-0"]
[WhiteElo "2030"]
[BlackElo "825"]
[TimeControl "300"]
[EndTime "12:51:35 PDT"]
[Termination "BillythekidFellowes won by resignation"]

1. e4 d5 2. exd5 Qxd5 3. Nc3 Qe6+ 4. Qe2 Qg6 5. d4 c6 6. Nf3 e6 7. Ne5 Qf6 8. h4 Bd6 9. Bg5 Qf5 10. g4 Qxg5 11. hxg5 Bxe5 12. Qxe5 1-0

[Event "Live Chess"]
[Site "Chess.com"]
[Date "2023.05.20"]
[Round "-"]
[White "gregor1903"]
[Black "McSlash1"]
[Result "0-1"]
[WhiteElo "1563"]
[BlackElo "2055"]
[TimeControl "300"]
[EndTime "12:51:38 PDT"]
[Termination "McSlash1 won by resignation"]

1. e4 c5 2. d4 cxd4 3. c3 dxc3 4. Nxc3 Nc6 5. Nf3 e6 6. Bc4 Qc7 7. Nb5 Qb8 8. O-O a6 9. Nc3 Nf6 10. Re1 Ng4 11. g3 Nge5 12. Bb3 Nxf3+ 13. Qxf3 Be7 14. Bf4 Bd6 15. Be3 Ne5 16. Qh5 O-O 17. f4 g6 18.
Qe2 Nc6 19. Rad1 Be7 20. e5 d6 21. Bc1 dxe5 22. fxe5 b5 23. Qe4 Bb7 24. Bh6 Rd8 25.
Qf4 Rxd1 26. Rxd1 Qxe5 27. Qxe5 Nxe5 28. Bf4 Bc5+ 29. Kf1 Ng4 30. Rd7 Bf3 31. Bd1 Bxd1 32. Rxd1 e5 33. Bc1 Bd4 34. h3 Nf6 35. Bg5 Kg7 36. Rd2 Bxc3 37. bxc3 Ne4 38. Rd5 Nxg5 39. Rxe5 Nf3 40. Re3 Nd2+ 41. Ke2 Nc4 42. Kd3 0-1

[Event "Live Chess"]
[Site "Chess.com"]
[Date "2023.05.20"]
[Round "-"]
[White "raminguy"]
[Black "Wild_Tiger"]
[Result "1-0"]
[WhiteElo "1977"]
[BlackElo "1056"]
[TimeControl "300"]
[EndTime "12:52:08 PDT"]
[Termination "raminguy won by checkmate"]

1. d3 d5 2. d4 Nc6 3. Nc3 Nf6 4.
Bf4 Bf5 5. Nb5 Rc8 6. Nf3 a6 7.
Nc3 e6 8. e3 Bd6 9. Ne5 Ne4 10.
h4 Nxc3 11. bxc3 Nxe5 12. Bxe5 Bxe5 13. dxe5 c6 14. g4 Be4 15. f3 Qa5 16. fxe4 Qxc3+ 17. Kf2 Qxe5 18. Rb1 Qxe4 19. Bg2 Qe5 20. Rxb7 O-O 21.
h5 f5 22. g5 f4 23. e4 Qxg5 24.
exd5 exd5 25. Rg1 f3 26. Bxf3 Qxh5 27. Rgxg7+ Kh8 28. Rg8+ Rxg8 29. Bxh5 Rcf8+ 30. Bf3 Rg6 31. Qd4+ Kg8 32. Qh4 h6 33. Qe7 h5 34. Qh7# 1-0

[Event "Live Chess"]
[Site "Chess.com"]
[Date "2023.05.20"]
[Round "-"]
[White "EdvancedChess"]
[Black "Fazer180"]
[Result "0-1"]
[WhiteElo "1902"]
[BlackElo "1749"]
[TimeControl "300"]
[EndTime "12:52:09 PDT"]
[Termination "Fazer180 won by resignation"]

1. e4 e6 2. Nf3 d5 3. exd5 exd5 4.
d4 Be6 5. Bd3 Nf6 6. O-O Bd6 7.
c3 O-O 8. Bg5 h6 9. Bh4 c5 10.
Nbd2 Nc6 11. Qb3 b6 12. Qc2 c4 13. Bf5 Bxf5 14. Qxf5 Re8 15. Bxf6 gxf6 16. Rfe1 Ne7 17. Qxf6 Qc7 18. Qxh6 Ng6 19. Ng5 Bf4 20. Qh7+ Kf8 21. Ndf3 Rxe1+ 22. Rxe1 Re8 23. Ne6+ fxe6 24. Qxc7 Bxc7 25.
Ng5 0-1

[Event "Live Chess"]
[Site "Chess.com"]
[Date "2023.05.20"]
[Round "-"]
[White "TheSmoulderingMaster"]
[Black "JohanKjeldahl"]
[Result "0-1"]
[WhiteElo "1731"]
[BlackElo "1822"]
[TimeControl "300"]
[EndTime "12:52:10 PDT"]
[Termination "JohanKjeldahl won by resignation"]

1. e4 c5 2. Nf3 e6 3. d4 cxd4 4.
Nxd4 Nc6 5. Nc3 Qc7 6. Nb3 a6 7. Be3 b5 8. Be2 Bb7 9. O-O Nf6 10. Kh1 Be7 11. f4 d6 12. Bf3 O-O 13. Qe2 Rad8 14.
Qf2 Qb8 15. Bb6 Rd7 16. Rad1 Bd8 17. Rfe1 Bxb6 18. Qxb6 Rfd8 19. e5 dxe5 20. Bxc6 Rxd1 21. Rxd1 Rxd1+ 22. Nxd1 Qd6 23. Qg1 Qxc6 24. fxe5 Ng4 25. Nd4 Qe4 26. h3 Nxe5 27. c3 Nd3 28. Ne3 Nf4 29.
Nf3 Nxh3 30. gxh3 Qxf3+ 31. Kh2 Qe2+ 32. Kg3 Qxb2 33. Kf4 Qxc3 34. Qd1 Qf6+ 35. Kg3 Qg5+ 36. Kf2 Qf4+ 37. Ke1 Qxe3+ 38. Kf1 Qf3+ 0-1

[Event "Live Chess"]
[Site "Chess.com"]
[Date "2023.05.20"]
[Round "-"]
[White "Pablo_dmp"]
[Black "Ayush_prahlad_Gupta"]
[Result "1-0"]
[WhiteElo "1870"]
[BlackElo "1780"]
[TimeControl "300"]
[EndTime "12:52:19 PDT"]
[Termination "Pablo_dmp won by checkmate"]

1. e4 e5 2. Nc3 Nc6 3. Bc4 Bc5 4. Qg4 g6 5. Qf3 Nf6 6. Nge2 d6 7. d3 Bg4 8. Qg3 Qd7 9. h3 Be6 10. Bg5 Nh5 11.
Qf3 Bxc4 12. dxc4 O-O 13. Nd5 f6 14. Bxf6 Nxf6 15. Qxf6 Rxf6 16. Nxf6+ Kf7 17. Nxd7 Bd4 18. c3 Bb6 19. Nxb6 axb6 20. O-O Ne7 21. f4 Ke6 22. f5+ gxf5 23. exf5+ Nxf5 24. g4 Nh4 25. Ng3 Ng6 26. a3 Nf4 27. Kh2 h5 28. Nxh5 Nd3 29. Rf6+ Ke7 30.
Raf1 Rh8 31. Rf7+ Ke8 32. Ng7+ Kd8 33. Ne6+ Ke8 34. Nxc7+ Kd8 35. Ne6+ Ke8 36. Rxb7 Rh6 37. Rf8# 1-0

[Event "Live Chess"]
[Site "Chess.com"]
[Date "2023.05.20"]
[Round "-"]
[White "EdenHazard8"]
[Black "Doge_Dandolo"]
[Result "0-1"]
[WhiteElo "2084"]
[BlackElo "2037"]
[TimeControl "300"]
[EndTime "12:52:20 PDT"]
[Termination "Doge_Dandolo won by resignation"]

1. e4 c6 2. d4 d5 3. exd5 cxd5 4. c3 Nc6 5. Bd3 Qc7 6. Nf3 Bg4 7. h3 Bxf3 8. Qxf3 e6 9. Bf4 Bd6 10. Bxd6 Qxd6 11. O-O Nf6 12. Nd2 O-O 13. Rfe1 Rab8 14. Nf1 b5 15. Ng3 Rfc8 16. Bb1 b4 17. Qd3 bxc3 18. bxc3 Ne7 19. Nh5 Ng6 20. Nxf6+ gxf6 21. a4 Qc6 22. Rc1 Qc4 23. Qxc4 Rxc4 24. Bd3 Rc7 25. Bb5 Ne7 26. Ra3 Nf5 27. Rd1 Rb6 28. Rd3 a6 29. Be8 Kf8 30. a5 Rb1+ 31. Kh2 0-1

[Event "Live Chess"]
[Site "Chess.com"]
[Date "2023.05.20"]
[Round "-"]
[White "rideuv21"]
[Black "chessfiction"]
[Result "0-1"]
[WhiteElo "1826"]
[BlackElo "2421"]
[TimeControl "300"]
[EndTime "12:52:24 PDT"]
[Termination "chessfiction won by resignation"]

1. e4 e6 2. d4 d5 3. Nc3 Bb4 4. Bd2 Ne7 5. Qg4 O-O 6. Bd3 Nbc6 7.
Nf3 e5 8. Qg3 exd4 9. Nxd5 Bxd2+ 10. Nxd2 Nxd5 11. exd5 Re8+ 12. Be4 Qxd5 13. O-O-O Qxa2 14. Rhe1 Be6 15. Qxc7 Rac8 16. Qf4 Nb4 17. Nb1 Qa1 18.
Rxd4 Na2+ 19. Kd2 Qxb2 20. Bd3 Nc3 21. Nxc3 Qxc3+ 22. Kd1 Bg4+ 0-1

[Event "Live Chess"]
[Site "Chess.com"]
[Date "2023.05.20"]
[Round "-"]
[White "alanmike75"]
[Black "MaximKris"]
[Result "0-1"]
[WhiteElo "1533"]
[BlackElo "1845"]
[TimeControl "300"]
[EndTime "12:52:32 PDT"]
[Termination "MaximKris won by resignation"]

1. e4 e5 2. Nf3 Nc6 3. d4 exd4 4. Bc4 Bc5 5. c3 d6 6. cxd4 Bb4+ 7. Nc3 Nf6 8. O-O Bg4 9. e5 dxe5 10. dxe5 Qxd1 11. Nxd1 Bxf3 12. exf6 Bxd1 13. Rxd1 gxf6 14. a3 Bd6 15. Bb5 O-O-O 16. Bxc6 bxc6 17. Be3 a6 18. Rac1 Kb7 19. a4 f5 20. g3 Rhg8 21. Kf1 Rde8 22.
Rc2 Re4 23. b3 f4 24. gxf4 Bxf4 25. Bxf4 Rxf4 26. Rdc1 Rf6 27. Rc3 Rd8 28. Ke2 Re6+ 29. Re3 Rxe3+ 30. Kxe3 Re8+ 31. Kf3 Re6 32. Rc3 Kb6 33.
Rd3 Rd6 34. Re3 c5 35. Re7 Rf6+ 36. Kg3 Rg6+ 37. Kf4 Rf6+ 38. Kg3 Rd6 39. Rxf7 Rd3+ 40. Rf3 Rxf3+ 41. Kxf3 Ka5 42. Ke3 Kb4 43. f4 Kxb3 44. f5 c4 45. f6 c3 46. f7 c2 47. f8=Q c1=Q+ 48. Kf2 Qc2+ 49. Kg3 Qg6+ 50. Kf2 Qb6+ 51. Kg3 Qd6+ 0-1

[Event "Live Chess"]
[Site "Chess.com"]
[Date "2023.05.20"]
[Round "-"]
[White "JanMur7"]
[Black "PaulHumphreys"]
[Result "1-0"]
[WhiteElo "1949"]
[BlackElo "1363"]
[TimeControl "300"]
[EndTime "12:52:39 PDT"]
[Termination "JanMur7 won by checkmate"]

1. e4 c5 2. Nf3 g6 3. d4 cxd4 4.
Qxd4 Nf6 5. e5 Nc6 6. Qc3 Nd5 7. Qb3 Nb6 8. a4 a5 9. Be3 Nb4 10. c3 N6d5 11. Bc4 Nxe3 12. Bxf7# 1-0